 Dungeon Crawl Stone Soup version 0.25-a0-545-ge4db218afc (webtiles) character file.

Game seed: 11742441500321492039, levelgen mode: deterministic

122 Gargoyl the Skirmisher (level 4, 0/40 HPs)
             Began as a Centaur Abyssal Knight on Feb 21, 2020.
             Was a Believer of Lugonu.
             Slain by Crazy Yiuf
             ... wielding a +4 quarterstaff of chaos
              (9 damage)
             ... on level 2 of the Dungeon.
             The game lasted 00:02:33 (2313 turns).

Gargoyl the Skirmisher (Centaur Abyssal Knight)     Turns: 2313, Time: 00:02:33

Health: 0/40       AC: 10    Str: 14    XL:     4   Next: 78%
Magic:  6/6        EV:  8    Int: 11    God:    Lugonu [**....]
Gold:   87         SH:  0    Dex: 10    Spells: 3/3 levels left

rFire    . . .     SeeInvis .   a - +1 hand axe
rCold    . . .     Gourm    .   (no shield)
rNeg     . . .     Faith    .   j - +2 robe {MR+}
rPois    .         Spirit   .   (no helmet)
rElec    .         Reflect  .   (no cloak)
rCorr    .         Harm     .   (no gloves)
MR       +....                  d - +0 centaur barding
Stlth    +.........             (no amulet)
HPRegen  0.13/turn              (no ring)
MPRegen  0.10/turn              (no ring)

@: very quick
A: large, hooves 3, deformed body, speed 2, tough skin 3
a: Depart the Abyss, Bend Space, Renounce Religion


You were on level 2 of the Dungeon.
You worshipped Lugonu.
Lugonu was pleased with you.
You were not hungry.

You visited 1 branch of the dungeon, and saw 2 of its levels.
You visited the Abyss 1 time.

You collected 87 gold pieces.

Inventory:

Hand Weapons
 a - a +1 hand axe (weapon)
Armour
 d - a +0 centaur barding (worn)
 j - a +2 robe of magic resistance (worn)
Scrolls
 b - 2 scrolls of remove curse
 f - 2 scrolls of identify
Potions
 g - a potion of magic
Comestibles
 c - 6 rations


   Skills:
 + Level 3.7 Fighting
 + Level 2.5 Axes
 * Level 2.1 Armour
 * Level 1.4 Dodging
 * Level 3.0 Invocations


You had 3 spell levels left.
You didn't know any spells.
Your spell library was empty.

Dungeon Overview and Level Annotations

Branches:
Dungeon (2/15)

Altars:
Nemelex Xobeh
Uskayaw

Annotations:
D:2 Crazy Yiuf


Innate Abilities, Weirdness & Mutations

You have hooves in place of feet.
Armour fits poorly on your strangely shaped body.
You cover ground very quickly.
You have extremely tough skin. (AC +3)


Message History

Space bends around you.
You hit Crazy Yiuf.
Crazy Yiuf is lightly wounded.
Crazy Yiuf hits you with a +4 quarterstaff of chaos!
You slash Crazy Yiuf! You kick Crazy Yiuf!
Crazy Yiuf is severely wounded.
Crazy Yiuf hits you with a +4 quarterstaff of chaos!
Crazy Yiuf burns you.
* * * LOW HITPOINT WARNING * * *
You closely miss Crazy Yiuf.
Crazy Yiuf is severely wounded.
Crazy Yiuf hits you with a +4 quarterstaff of chaos.
* * * LOW HITPOINT WARNING * * *
You are slowing down.
It was a potion of cancellation.
You feel limber!
You feel magically purged.
Crazy Yiuf says, "Defame horse stair!"
Crazy Yiuf hits you with a +4 quarterstaff of chaos!
You die...

#.# #.#
########.#
#####
#>....##.#
#..)#
#.....##.#
#...#
#.....##.#
...
#.....##.###
#g#
#.....##.##.
##@#
#.....#....#
#.##
#...........
##.#
####.##....#
#.##
####.###.##.
##.## #....#
#.### #...##
###### #.#
#....# ##'##
#....#
##.รท.##
#....###
##.....#


You could see Crazy Yiuf.

Vanquished Creatures
  Jessica (D:2)
  3 adders (D:2)
  3 worms (D:2)
  4 dart slugs
  A leopard gecko (D:2)
  6 ball pythons
  8 bats
  A giant cockroach (D:1)
  7 goblins
  7 hobgoblins
  5 kobolds
  2 frilled lizards
  4 rats
52 creatures vanquished.

Notes
Turn   | Place    | Note
-------+----------+-------------------------------------------
     0 | Abyss:1  | Gargoyl the Centaur Abyssal Knight began the quest for the
                  | Orb.
     0 | Abyss:1  | Reached XP level 1. HP: 19/19 MP: 2/2
   166 | Abyss:2  | Noticed a chaos spawn
   170 | Abyss:2  | Noticed an iron imp
   180 | Abyss:2  | Noticed a ynoxinul
   181 | Abyss:2  | Noticed a wolf
   182 | D:1      | Escaped the Abyss
   261 | D:1      | Reached XP level 2. HP: 13/26 MP: 3/3
   728 | D:1      | Reached * piety under Lugonu
   810 | D:1      | Reached skill level 1 in Dodging
   812 | D:1      | Reached XP level 3. HP: 31/31 MP: 4/4
  1265 | D:2      | Reached XP level 4. HP: 31/39 MP: 4/6
  1387 | D:2      | Reached ** piety under Lugonu
  1724 | D:2      | Noticed Jessica
  1735 | D:2      | Killed Jessica
  1824 | D:2      | Found a hide-covered altar of Uskayaw.
  1824 | D:2      | Found a sparkling altar of Nemelex Xobeh.
  2120 | D:2      | Found a runed translucent door.
  2121 | D:2      | Noticed Crazy Yiuf
  2313 | D:2      | Slain by Crazy Yiuf

Levels and vault maps discovered:
D:1:      dpeg_arrival_chambers_temple_mockup, layout_rooms, minivault_19,
          minmay_misc_feat_diagonals, minmay_close_crescents
D:2:      layout_loops_corners, grunt_temple_overflow_open,
          minmay_indecisive_spiral, uniq_jessica, uniq_crazy_yiuf_cottage

Skill      XL: |  1  2  3  4 |
---------------+-------------+-----
Axes           | 2 |  2.5
Dodging        | 1 |  1.4
Armour         | 2 |  2.1
Invocations    | 3 |  3.0
Fighting       | |  3.7

Action                   |  1- 3 |  4- 6 || total
-------------------------+-------+-------++-------
Melee: Hand axe          |    92 |    44 ||   136
       Kick              |    19 |     8 ||    27
Invok: Depart the Abyss  |     1 |       ||     1
  Use: Scroll            |     2 |       ||     2
       Potion            |       |     1 ||     1
  Eat: Chunk             |       |     3 ||     3
Armor: Ring mail         |    76 |    20 ||    96
       Robe              |       |     5 ||     5
Dodge: Dodged            |    33 |     9 ||    42

Table legend:
 A = Non-vault XP
 B = Vault XP
 C = Vault XP percentage of total XP
 D = Non-vault monster count
 E = Vault monster count
 F = Vault count percentage of total count
                 A         B        C        D         E       F
            +---------+---------+-------+---------+---------+-------
      Total |     121 |      54 |  30.9 |      42 |      10 |  19.2
            +---------+---------+-------+---------+---------+-------
        D:1 |      40 |      11 |  21.6 |      22 |       5 |  18.5
        D:2 |      81 |      43 |  34.7 |      20 |       5 |  20.0
            +---------+---------+-------+---------+---------+-------
